 Dungeon Crawl Stone Soup version 0.28.0-49-g6dfe1f597d (webtiles) character file.

Game seed: 541819146321804008

296 101zpm the Magician (level 6, -25/40 HPs)
             Began as a Djinni Fire Elementalist on May 18, 2022.
             Annihilated by an ogre
             ... wielding a +0 giant club
              (31 damage)
             ... on level 4 of the Dungeon.
             The game lasted 00:06:56 (4148 turns).

101zpm the Magician (Djinni Fire Elementalist)      Turns: 4148, Time: 00:06:57

Health: -25/40     AC:  3    Str:  7    XL:     6   Next: 62%
Gold:   153        EV: 12    Int: 18    God:
                   SH:  0    Dex: 14

rFire   + + .      SeeInvis .   e - +2 morningstar (protect)
rCold   x . .      Faith    .   (no shield)
rNeg    . . .      Spirit   .   a - +0 robe
rPois   ∞          Reflect  .   (no helmet)
rElec   .          Harm     .   (no cloak)
rCorr   .          Rampage  .   h - +0 pair of gloves
Will    .....                   (boots unavailable)
Stlth   ++........              (no amulet)
HPRegen 0.13/turn               (no ring)
MPRegen 0.00/turn               (no ring)

@: flying
A: sickness immunity, fire resistance 2, cold vulnerability 1, float, innate
caster, HP casting, extra vitality 1
a: no special abilities


You were on level 4 of the Dungeon.
You visited 1 branch of the dungeon, and saw 4 of its levels.

You collected 153 gold pieces.

Inventory:

Hand Weapons
 e - a +2 morningstar of protection (weapon)
Armour
 a - a +0 robe (worn)
 h - a +0 pair of gloves (worn)
Wands
 c - a wand of digging (3)
 g - a wand of flame (14)
Scrolls
 b - 2 scrolls of teleportation {unknown}
 i - a scroll of silence {unknown}
Potions
 d - a potion of curing {unknown}
 f - 3 potions of lignification {unknown}


   Skills:
 + Level 2.5 Dodging
 + Level 2.6 Stealth
 + Level 4.9 Spellcasting


You couldn't memorise any spells.
You knew the following spells:

 Your Spells              Type           Power      Damage    Failure   Level
a - Foxfire               Conj/Fire      88%        2x1d8     1%          1
b - Scorch                Fire           44%        2d7       2%          2
c - Conjure Flame         Conj/Fire      22%        6-21      5%          3
d - Inner Flame           Hex/Fire       22%        N/A       5%          3
e - Flame Wave            Conj/Fire      22%        2d7       17%         4
f - Apportation           Tloc           44%        N/A       1%          1
g - Blink                 Tloc           44%        N/A       2%          2
Your spell library was empty.

Dungeon Overview and Level Annotations

Branches:
Dungeon (4/15)
 Temple: D:4-7

Altars:
Dithmenos

Shops:
D:3 (

Annotations:
D:3 exclusion: downstairs


Innate Abilities, Weirdness & Mutations

You are immune to sickness and miasma.
You are immune to poison.
Your flesh is very heat resistant. (rF++)
You are vulnerable to cold. (rC-)
You float through the air rather than walking.
You learn spells naturally, not from books.
Your magical power is your life essence.
You have superior vitality. (+4 MHP)


Message History

Casting: Foxfire (safe; 1% risk of failure)
Press: ? - help, Q - select action, (/) - cycle Dir - look around, f - activate You conjure some foxfire!
* * * LOW HITPOINT WARNING * * *
The foxfire hits the ogre.
The ogre is lightly wounded.
The foxfire hits the ogre.
The ogre is moderately wounded.
Casting: Foxfire (safe; 1% risk of failure)
Confirm with . or Enter, or press ? or * to list all spells.
Aiming: Inner Flame (dangerous; 5% risk of failure)
Press: ? - help, Dir - move target, f - ogre
Aim: an ogre, wielding a +0 giant club (moderately wounded, ally target, chance to affect: 78%)
The ogre is filled with an inner flame.
* * * LOW HITPOINT WARNING * * *
The foxfire hits the ogre.
Flame seeps out of the ogre.
The ogre is heavily wounded.
The ogre is engulfed in blazing flames.
Flame seeps out of the ogre.
The foxfire hits the goblin.
Flame seeps out of the goblin.
The goblin is severely wounded.
The giant cockroach waves its antennae.
The goblin is engulfed in blazing flames.
The goblin explodes!
The fiery explosion engulfs the goblin!!
You kill the goblin!
The fiery explosion engulfs the giant cockroach!!!
The giant cockroach explodes!
You hear a shout!
Casting: Inner Flame (dangerous; 5% risk of failure)
Confirm with . or Enter, or press ? or * to list all spells.
Flames lash the orc.
You kill the orc!
* * * LOW HITPOINT WARNING * * *
Casting: Foxfire (safe; 1% risk of failure)
Press: ? - help, Q - select action, (/) - cycle Dir - look around, f - activate You conjure some foxfire!
* * * LOW HITPOINT WARNING * * *
The ogre hits you with a +0 giant club!!
Ouch! That really hurt!
You die...

..# .. # ..##. #.
.... # ...##
...##.. ....
.......
#..##.......
.###....v......
......O@=......
####...v..☼§...
....°§☼○☼).§#..
.......)§.○§§§§...
...###.§○°°o......
#.. #..)°§§.....#
#.. ...§§§.......
..###.#...........
#........


You could see an ogre (inner flame, ally target) and an orc.

Vanquished Creatures
  2 orc priests (D:3)
  Jessica (D:2)
  Ijyb (D:3)
  An iguana (D:3)
  An orc wizard (D:3)
  4 gnolls (D:2)
  4 adders
  A worm (D:2)
  A dart slug (D:3)
  6 orcs
  2 ball pythons
  4 bats
  2 endoplasms
  2 giant cockroaches
  5 goblins
  5 hobgoblins
  A jackal (D:3)
  A quokka (D:2)
  7 frilled lizards
  8 kobolds
  A rat (D:2)
60 creatures vanquished.

Vanquished Creatures (others)
  245 foxfires
245 creatures vanquished.

Grand Total: 305 creatures vanquished

Notes
Turn   | Place    | Note
-------+----------+-------------------------------------------
     0 | D:1      | 101zpm the Djinni Fire Elementalist began the quest for the
                  | Orb.
     0 | D:1      | Reached XP level 1. HP: 15/15 MP: 0/0
   200 | D:2      | Reached XP level 2. HP: 12/21 MP: 0/0
   668 | D:2      | Reached skill level 3 in Spellcasting
   819 | D:2      | Noticed Jessica
   823 | D:2      | Killed Jessica
   824 | D:2      | Reached XP level 3. HP: 16/25 MP: 0/0
   824 | D:2      | Learned a level 1 spell: Apportation
   887 | D:2      | Reached XP level 4. HP: 9/31 MP: 0/0
  1710 | D:2      | Reached XP level 5. HP: 31/35 MP: 0/0
  1710 | D:2      | Learned a level 2 spell: Blink
  1794 | D:2      | Reached skill level 4 in Spellcasting
  2313 | D:3      | Reached XP level 6. HP: 11/40 MP: 0/0
  2628 | D:3      | Noticed Ijyb
  2633 | D:3      | Killed Ijyb
  2835 | D:3      | Found Seisarof's Weapon Shop.
  3445 | D:3      | Found a shadowy altar of Dithmenos.
  4091 | D:4      | Noticed an ogre
  4148 | D:4      | Annihilated by an ogre

Illustrated notes

Levels and vault maps discovered:
D:1:      amcnicky_arrival_gap_in_the_tavern_cellar, layout_rooms,
          ebering_ecumenical_altar_rust
D:2:      layout_basic, serial_bayou_pond_a, uniq_jessica
D:3:      minmay_evil_eye, layout_basic, mainiacjoe_overflow_brackets,
          serial_curves, eino_curves_02, eino_curves_02, serial_shops,
          nicolae_shop_crystal, st_stairs_1, uniq_ijyb
D:4:      layout_rooms, mainiacjoe_overflow_paths, serial_shops,
          kennysheep_little_box, nicolae_shop_crystal, shop, shop,
          nicolae_shop_temple_entry_statues_fountains

Skill      XL: |  1  2  3  4  5 |
---------------+----------------+-----
Spellcasting   | 3 4 |  4.9
Stealth        | 2 |  2.6
Dodging        | |  2.5

Action                   |  1- 3 |  4- 6 || total
-------------------------+-------+-------++-------
 Cast: Foxfire           |    50 |   119 ||   169
       Scorch            |     1 |    26 ||    27
       Inner Flame       |     2 |    13 ||    15
       Apportation       |       |     1 ||     1
Armor: Robe              |       |     1 ||     1
Dodge: Dodged            |     1 |     4 ||     5
